 Dungeon Crawl Stone Soup version 0.17.0-7-gfadd4cc (console) character file.

129 Kloppie the Insei (level 5, 0/33 HPs)
             Began as an Octopode Transmuter on Nov 8, 2015.
             Killed from afar by a white imp (5 damage)
             ... with a puff of frost
             ... summoned by Natasha
             ... on level 2 of the Dungeon.
             The game lasted 00:04:50 (2371 turns).

Kloppie the Insei (Octopode Transmuter)             Turns: 2371, Time: 00:04:50

Health: 0/33       AC:  1    Str:  9    XL:     5   Next: 12%
Magic:  2/8        EV: 14    Int: 15    God:
Gold:   29         SH:  0    Dex: 14    Spells: 3 memorised, 2 levels left

rFire  . . .     SeeInvis .       - Unarmed
rCold  . . .     Clarity  .     (no shield)
rNeg   . . .     SustAt   .     (helmet restricted)
rPois  .         Gourm    .     (no amulet)
rElec  .         Spirit   .     (no ring)
rCorr  .         Warding  .     (no ring)
rMut   .         Stasis   .     (no ring)
MR     .....                    (no ring)
Stlth  ++........               (no ring)
                                (no ring)
                                (no ring)
                                (no ring)

@: not resistant to hostile enchantments, unstealthy
A: almost no armour, amphibious, 8 rings, constrict 8, camouflage 1, gelatinous
body 1
a: no special abilities


You were on level 2 of the Dungeon.
You were not hungry.

You visited 1 branch of the dungeon, and saw 2 of its levels.

You collected 29 gold pieces.

Inventory:

Missiles
 a - 29 arrows
Scrolls
 d - 2 scrolls of noise {unknown}
 f - a scroll of identify {unknown}
 i - a scroll of blinking {unknown}
 k - a scroll of remove curse {unknown}
 o - 2 scrolls of immolation {unknown}
 p - a scroll of enchant weapon {unknown}
Potions
 e - 3 potions of magic {unknown}
 h - a potion of experience {unknown}
 j - a potion of curing {unknown}
 l - a potion of brilliance {unknown}
 n - a potion of lignification {unknown}
Books
 b - a book of Changes

   Spells                             Type                      Level
   a - Beastly Appendage              Transmutation                1
   b - Sticks to Snakes               Transmutation                2
   c - Spider Form                    Transmutation/Poison         3
   d - Ice Form                       Ice/Transmutation            4
   e - Blade Hands                    Transmutation                5
Comestibles
 c - a bread ration
 g - a beef jerky


   Skills:
 - Level 1.0 Fighting
 + Level 4.0 Dodging
 + Level 4.3 Unarmed Combat
 - Level 2.0 Spellcasting
 - Level 2.0 Transmutations


You had 2 spell levels left.
You knew the following spells:

 Your Spells              Type           Power        Failure   Level  Hunger
a - Beastly Appendage     Trmt           #.....       12%         1    #......
b - Sticks to Snakes      Trmt           #.........   14%         2    ###....
c - Spider Form           Trmt/Pois      #.........   43%         3    ###....


Dungeon Overview and Level Annotations

Branches:
Dungeon (2/15)

Altars:

Annotations:
D:2 Natasha


Innate Abilities, Weirdness & Mutations

You cannot wear most types of armour.
You are amphibious.
You can wear up to eight rings at the same time.
You can use your tentacles to constrict eight enemies at once.
Your skin changes colour to match your surroundings (Stealth).
Your rubbery body absorbs attacks (AC +1).


Message History

Your ball python bites Natasha but does no damage.
Your ball python misses Natasha.
Natasha closely misses you. The white imp gestures at you.
The puff of frost hits your ball python.
Your ball python dies!
You barely miss Natasha. You grab Natasha. You constrict Natasha.
Your ball python bites Natasha.
Natasha stares at you and mumbles some strange words.
The magic dart hits you!
* * * LOW HITPOINT WARNING * * *
You tentacle-slap Natasha.
Natasha is moderately wounded.
You constrict Natasha.
Your ball python bites Natasha but does no damage.
Your ball python barely misses the white imp.
Your ball python grabs the white imp.
Your ball python constricts the white imp.
Natasha misses you. The white imp gestures at you. The puff of frost hits you!
You die...

#.........................#
#....#.....#
########..............######.....#
#....#.#####
......................# #.....#
#....#.#...<
##########..........### #.....###
#....#'#.##. #....#.....#
##+##...######........#..
#....#######
#####+##...#........>....###
####....#
#..........#+######......... .
#.......#
#####.##...............#####....
..#.###...#
........................# #....
..........#
#......##................# #....
####.....##
#........................# #.)..
#..###...#
#.....................#### #....
.....##..# .............##......#
#[... #..!"..#
#...........##.(....########....
##...†.#
#...........####..).............
##.....####
#...........###.................
#%........#
#...................[...........
....##.....#
#.......#######.............####
#..###...S@S#
#............#..............#
####......5h#
#........#.##...............#
.........!# #........#
.................# ###.......#
#........# ##.#.............#
.........#
######...####.......####'#######
##.......# #.#...########.#
#.......# #.......### #.##..#
#.##########.# #####.....# #.....#
#..........#.# #.# #####.#
#########....# # #.# #.....#
###### #.###.# #.#####
#....)########.# ####.<##.......#
#.###.####### #.....# #######


You could see Natasha, a white imp and 2 friendly ball pythons.

Vanquished Creatures
  Ijyb (D:2)
  Terence (D:2)
  2 adders (D:2)
  An ooze (D:2)
  2 giant geckos (D:1)
  3 giant cockroaches (D:2)
  10 goblins
  8 hobgoblins
  A quokka (D:2)
  9 bats
  4 giant newts
  4 kobolds
  6 rats
52 creatures vanquished.

Notes
Turn   | Place    | Note
--------------------------------------------------------------
     0 | D:1      | Kloppie the Octopode Transmuter began the quest for the Orb.
     0 | D:1      | Reached XP level 1. HP: 13/13 MP: 3/3
   244 | D:1      | Reached XP level 2. HP: 5/18 MP: 5/5
   867 | D:1      | Reached XP level 3. HP: 2/23 MP: 6/6
  1259 | D:2      | Noticed Terence
  1272 | D:2      | Killed Terence
  1503 | D:2      | Reached XP level 4. HP: 24/28 MP: 7/7
  1648 | D:2      | Learned a level 2 spell: Sticks to Snakes
  1720 | D:2      | Learned a level 3 spell: Spider Form
  1791 | D:2      | Reached skill level 4 in Unarmed Combat
  2098 | D:2      | Noticed Ijyb
  2110 | D:2      | Killed Ijyb
  2257 | D:2      | Reached XP level 5. HP: 33/33 MP: 8/8
  2356 | D:2      | Noticed Natasha
  2371 | D:2      | Killed from afar by a white imp

Action                   |  1- 3 |  4- 6 || total
-------------------------+-------+-------++-------
Melee: Unarmed           |    74 |    75 ||   149
 Cast: Beastly Appendage |     5 |     1 ||     6
       Sticks to Snakes  |       |     3 ||     3
 Stab: Sleeping          |     5 |     2 ||     7
  Eat: Chunk             |     1 |     4 ||     5
